 Dungeon Crawl Stone Soup version 0.24.0-1-gfbc8707 (webtiles) character file.

Game seed: 4310652991861659474, levelgen mode: deterministic

52 TheGoonsmith the Firebug (level 3, -2/19 HPs)
             Began as a Gargoyle Fire Elementalist on Oct 27, 2019.
             Killed from afar by a white imp (10 damage)
             ... with a puff of frost
             ... summoned by Natasha
             ... on level 2 of the Dungeon.
             The game lasted 00:03:07 (1430 turns).

TheGoonsmith the Firebug (GrFE)                     Turns: 1430, Time: 00:03:09

Health: -2/19      AC:  5    Str: 11    XL:     3   Next: 85%
Magic:  0/7        EV: 12    Int: 16    God:
Gold:   132        SH:  0    Dex: 10    Spells: 6/7 levels left

rFire    . . .     SeeInvis .   e - +2 whip (flame)
rCold    . . .     Gourm    .   (no shield)
rNeg     + . .     Faith    .   a - +0 robe
rPois    ∞         Spirit   .   (no helmet)
rElec    +         Reflect  .   (no cloak)
rCorr    .         Harm     .   (no gloves)
MR       .....                  (no boots)
Stlth    ++........             (no amulet)
HPRegen  0.06/turn              (no ring)
MPRegen  0.10/turn              (no ring)

@: no status effects
A: negative energy resistance 1, electricity resistance, unbreathing,
petrification resistance, rot immunity, AC +3
a: no special abilities


You were on level 2 of the Dungeon.
You were not hungry.

You visited 1 branch of the dungeon, and saw 2 of its levels.

You collected 132 gold pieces.

Inventory:

Hand Weapons
 e - a +2 whip of flaming (weapon)
Missiles
 b - a throwing net (quivered)
Armour
 a - a +0 robe (worn)
Jewellery
 h - an uncursed amulet of rage {unknown}
Scrolls
 d - 2 scrolls of identify {unknown}
 f - 4 scrolls of teleportation {unknown}
 g - 2 scrolls of amnesia {unknown}
 i - a scroll of magic mapping {unknown}
 j - a scroll of remove curse {unknown}
 k - a scroll of fog {unknown}
Comestibles
 c - 4 rations
 l - a chunk of flesh


   Skills:
 - Level 1.5 Dodging
 - Level 2.1 Stealth
 + Level 2.6 Spellcasting
 + Level 2.4 Conjurations
 + Level 3.6 Fire Magic


You had 6 spell levels left.
You knew the following spells:

 Your Spells              Type           Power        Failure   Level  Hunger
a - Flame Tongue          Conj/Fire      ##...        5%          1    #......

Your spell library contained the following spells:

 Spells                   Type           Power        Failure   Level  Hunger
 Throw Flame              Conj/Fire      ##....       9%          2    ##.....
 Conjure Flame            Conj/Fire      ##......     17%         3    ###....
 Inner Flame              Hex/Fire       #.......     28%         3    ###....
 Sticky Flame             Conj/Fire      ##......     50%         4    #####..
 Fireball                 Conj/Fire      ##........   83%         5    ######.


Dungeon Overview and Level Annotations

Branches:
Dungeon (2/15)

Altars:
Ashenzari

Annotations:
D:2 Natasha, Robin


Innate Abilities, Weirdness & Mutations

You are resistant to torment.
Your stone body is resilient. (AC +3)
You are immune to poison.
You resist negative energy. (rN+)
You are resistant to electric shocks. (rElec)
You can survive without breathing.
You are immune to petrification.
You are immune to rotting.


Message History

Confirm with . or Enter, or press ? or * to list all spells.
Aiming: Flame Tongue (safe; 5% risk of failure)
Press: ? - help, Shift-Dir - straight line, f/p - Natasha
Aim: Natasha (severely wounded)
The flame tongue hits Natasha but does no damage.
Natasha is severely wounded.
Natasha casts a spell.
The white imp hits you but does no damage.
Casting: Flame Tongue (safe; 5% risk of failure)
Confirm with . or Enter, or press ? or * to list all spells.
Aiming: Flame Tongue (safe; 5% risk of failure)
Press: ? - help, Shift-Dir - straight line, f/p - Natasha
Aim: Natasha (severely wounded)
The flame tongue hits Natasha.
Natasha is almost dead.
Natasha claws you but does no damage. The white imp gestures at you.
The puff of frost hits you!
Ouch! That really hurt!
You die...

#.# #.# #############
#.### .......#....#
#...# .
...PPPP#....###.#.####..
......P...?............
..P...P##### #.......#
..P...P#######.5.5##.###
..PPP)P.........@h......
.......########.........
.......# #.####....
.......#### #.# ...
..........# #.# ..
..†.......# #.#
###.÷.....#####.. #
#.............. #
#.............. ..


You could see Natasha, a white imp and a shadow imp.

Vanquished Creatures
  An adder (D:2)
  A dart slug (D:1)
  A leopard gecko (D:2)
  6 bats (D:1)
  2 giant cockroaches (D:1)
  3 goblins
  5 hobgoblins
  6 jackals (D:1)
  4 kobolds
  4 frilled lizards
  4 rats (D:1)
37 creatures vanquished.

Vanquished Creatures (others)
  3 toadstools (D:2)
3 creatures vanquished.

Grand Total: 40 creatures vanquished

Notes
Turn   | Place    | Note
-------+----------+-------------------------------------------
     0 | D:1      | TheGoonsmith the Gargoyle Fire Elementalist began the quest
                  | for the Orb.
     0 | D:1      | Reached XP level 1. HP: 10/10 MP: 3/3
   285 | D:1      | Reached XP level 2. HP: 15/15 MP: 3/5
   635 | D:1      | Reached XP level 3. HP: 19/19 MP: 3/6
  1123 | D:2      | Noticed Natasha
  1123 | D:2      | Noticed Robin
  1260 | D:2      | Found a shattered altar of Ashenzari.
  1430 | D:2      | Killed from afar by a white imp

Levels and vault maps discovered:
D:1:      lightli_arrival_maybe_door_vault, layout_rooms, minmay_misc_feat_tower
D:2:      layout_basic, nicolae_overflow_hidden_temple,
          minmay_gold_behind_fungi, uniq_natasha, uniq_robin

Skill      XL: |  1  2 |
---------------+-------+-----
Conjurations   | 2 |  2.4
Dodging        | |  1.5
Stealth        | |  2.1
Spellcasting   | |  2.6
Fire Magic     | |  3.6

Action                   || total
-------------------------++-------
Melee: Unarmed           ||    19
       Whip              ||    25
 Cast: Flame Tongue      ||    64
  Eat: Chunk             ||     2
Armor: Robe              ||    33
Dodge: Dodged            ||    78
